 Dungeon Crawl Stone Soup version 0.29-a0-506-ga2e7fffb44 (webtiles) character file.

Game seed: 14828323194948215964

4344 hquester the Skirmisher (level 10, -15/104 HPs)
             Began as a Troll Fighter on May 28, 2022.
             Was a Believer of Qazlal.
             Demolished by a boulder beetle (20 damage)
             ... on level 8 of the Dungeon.
             The game lasted 00:23:03 (6027 turns).

hquester the Skirmisher (Troll Fighter)             Turns: 6027, Time: 00:23:03

Health: -15/104    AC:  5    Str: 26    XL:     10   Next: 12%
Magic:  9/9        EV: 10    Int:  4    God:    Qazlal [**....]
Gold:   424        SH: 14    Dex: 13    Spells: 9/9 levels left

rFire   . . .      SeeInvis .     - Unarmed
rCold   . . .      Faith    .   b - +2 kite shield
rNeg    + . .      Spirit   .   a - +0 robe
rPois   +          Reflect  .   (helmet restricted)
rElec   .          Harm     .   s - +0 cloak
rCorr   .          Rampage  .   (gloves unavailable)
Will    .....                   (boots unavailable)
Stlth   +.........              (no amulet)
HPRegen 1.07/turn               p - ring of poison resistance
MPRegen 0.11/turn               v - ring of positive energy

@: no status effects
A: large, unfitting armour, claws 3, regeneration 1, shaggy fur 1, tough skin 1
a: Renounce Religion, Upheaval


You were on level 8 of the Dungeon.
You worshipped Qazlal.
Qazlal was pleased with you.
You visited 2 branches of the dungeon, and saw 9 of its levels.

You collected 424 gold pieces.

Inventory:

Hand Weapons
 w - a +3 war axe
 x - a +3 vorpal hand axe
 y - a +4 mace of freezing
 z - a +5 hand axe
Armour
 a - a +0 robe (worn)
 b - a +2 kite shield (worn)
 s - a +0 cloak (worn)
Jewellery
 n - a ring of fire
 p - a ring of poison resistance (left claw)
 v - a ring of positive energy (right claw)
Scrolls
 i - a scroll of enchant weapon
 m - a scroll of silence {unknown}
 o - a scroll of magic mapping {unknown}
 r - a scroll of fear
 t - 2 scrolls of teleportation {unknown}
Potions
 c - 4 potions of might
 d - 2 potions of lignification
 e - 4 potions of haste
 f - 2 potions of heal wounds
 g - 6 potions of curing
 h - a potion of brilliance
 j - a potion of mutation {unknown}
 k - a potion of cancellation {unknown}
 l - 2 potions of invisibility
 q - a potion of attraction {unknown}
 u - a potion of flight


   Skills:
 * Level 7.9 Fighting
 * Level 3.5 Maces & Flails
 + Level 5.8 Dodging
 + Level 6.4 Shields
 + Level 6.6 Unarmed Combat


You had 9 spell levels left.
You didn't know any spells.
Your spell library contained the following spells:

 Spells                   Type           Power      Damage    Failure   Level
 Magic Dart               Conj           0%         1d3       77%         1
 Call Imp                 Summ           0%         N/A       88%         2
 Sublimation of Blood     Necr           0%         N/A       88%         2
 Wereblood                Tmut           0%         N/A       88%         2
 Mephitic Cloud           Conj/Pois/Air  0%         N/A       98%         3
 Summon Ice Beast         Ice/Summ       0%         N/A       100%        4
 Summon Mana Viper        Hex/Summ       0%         N/A       100%        5
 Monstrous Menagerie      Summ           0%         N/A       100%        7
 Summon Hydra             Summ           0%         N/A       100%        7


Dungeon Overview and Level Annotations

Branches:
Dungeon (8/15)             Temple (1/1) D:5
   Lair: D:8-11

Altars:
Ashenzari
Cheibriados
Dithmenos
Elyvilon
Fedhas
Gozag
Hepliaklqana
Kikubaaqudgha
Makhleb
Nemelex Xobeh
Okawaru
Qazlal
Ru
Sif Muna
Uskayaw
Vehumet
Wu Jian
Xom
Yredelemnul
Zin
The Shining One


Innate Abilities, Weirdness & Mutations

You are too large for most types of armour.
You have claws for hands.
Your natural rate of healing is unusually fast.
You are covered in fur. (AC +1)
You have tough skin. (AC +1)


Message History

The boulder beetle stops rolling and uncurls.
You closely miss the orc. You block the orc's attack.
The boulder beetle leaps!
You mangle the orc!!
You kill the orc!
Qazlal accepts your kill.
You scratch the orc.
The orc is heavily wounded.
You block the orc's attack.
You claw the orc!
You kill the orc!
Qazlal accepts your kill.
The boulder beetle curls into a ball and begins rolling!
You claw the orc!
You kill the orc!
Qazlal accepts your kill.
You hear the faint creaking of a very distant portcullis.
You block the boulder beetle's attack.
The boulder beetle stops rolling and uncurls.
Items here: (( )))))))) [[ ††††††.
You scratch the boulder beetle but do no damage.
The boulder beetle leaps!
Okay, then.
The boulder beetle leaps!
The boulder beetle curls into a ball and begins rolling!
The boulder beetle hits you!!!
* * * LOW HITPOINT WARNING * * *
The boulder beetle stops rolling and uncurls.
You scratch the boulder beetle but do no damage.
The boulder beetle bites you but does no damage.
You scratch the boulder beetle.
The boulder beetle is lightly wounded.
The boulder beetle bites you!
* * * LOW HITPOINT WARNING * * *
You scratch the boulder beetle.
The boulder beetle is lightly wounded.
The boulder beetle bites you!
* * * LOW HITPOINT WARNING * * *
The boulder beetle attacks as you move away!
The boulder beetle bites you!!
You die...

#### #>.<###
#...#.###
#...#...###
#...#.8...###
#..)#.°.....###
+...'B@§....)<#
#...#.......###
#...#.8...###
#...#...###
#...#.###
#>.<### ####


You could see a boulder beetle.

Vanquished Creatures
  Pikel (D:4)
  A meliai (D:8)
  A wraith (D:5)
  A steam dragon (D:6)
  3 orc warriors
  A sky beast (D:7)
  2 ice beasts
  A black bear (D:6)
  3 ogres
  2 kobold brigands
  2 necrophages (D:7)
  4 bullfrogs
  5 scorpions
  8 wights
  10 hounds
  2 gnoll shamans
  5 orc priests
  Crazy Yiuf (D:6)
  4 jellies
  6 iguanas
  4 orc wizards
  9 gnolls
  5 adders
  A shadow imp (D:5)
  A white imp (D:7)
  An ufetubus (D:5)
  2 worms
  A dart slug (D:2)
  22 orcs
  6 endoplasms
  A giant cockroach (D:2)
  5 goblins
  3 hobgoblins
  4 jackals (D:1)
  10 kobolds
  A quokka (D:2)
  6 ball pythons
  4 bats
  2 frilled lizards (D:1)
  6 rats
157 creatures vanquished.

Vanquished Creatures (others)
  A sky beast (D:7)
  An orc wizard (D:7)
  2 plants (D:5)
4 creatures vanquished.

Grand Total: 161 creatures vanquished

Notes
Turn   | Place    | Note
-------+----------+-------------------------------------------
     0 | D:1      | hquester the Troll Fighter began the quest for the Orb.
     0 | D:1      | Reached XP level 1. HP: 22/22 MP: 0/0
    79 | D:1      | Reached XP level 2. HP: 26/29 MP: 1/1
   560 | D:1      | Found a faded altar of an unknown god.
   844 | D:2      | Reached XP level 3. HP: 36/36 MP: 2/2
   906 | D:2      | Reached skill level 3 in Fighting
  1788 | D:3      | Reached XP level 4. HP: 45/45 MP: 3/3
  2018 | D:4      | Reached XP level 5. HP: 47/53 MP: 4/4
  2144 | D:4      | Found a hazy altar of Hepliaklqana.
  2144 | D:4      | Found a glowing golden altar of the Shining One.
  2144 | D:4      | Found a broken altar of Ashenzari.
  2236 | D:4      | Reached skill level 4 in Fighting
  2263 | D:4      | Reached XP level 6. HP: 25/62 MP: 5/5
  2342 | D:4      | Noticed Pikel
  2369 | D:4      | Killed Pikel
  2370 | D:4      | Reached skill level 5 in Fighting
  2370 | D:4      | Reached XP level 7. HP: 29/72 MP: 6/6
  2540 | D:4      | Found a glowing silver altar of Zin.
  2540 | D:4      | Noticed an angel
  2572 | D:4      | Reached XP level 8. HP: 25/81 MP: 7/7
  3078 | D:5      | Entered Level 5 of the Dungeon
  3171 | D:5      | Reached skill level 6 in Fighting
  3171 | D:5      | Reached skill level 5 in Shields
  3308 | D:5      | Reached skill level 5 in Unarmed Combat
  3709 | D:5      | Found a staircase to the Ecumenical Temple.
  3716 | Temple   | Entered the Ecumenical Temple
  3782 | Temple   | Became a worshipper of Qazlal Stormbringer
  4090 | D:5      | Found a sparkling altar of Nemelex Xobeh.
  4537 | D:6      | Reached skill level 5 in Dodging
  4537 | D:6      | Reached XP level 9. HP: 76/92 MP: 8/8
  4660 | D:6      | Reached skill level 7 in Fighting
  4703 | D:6      | Reached * piety under Qazlal
  4866 | D:6      | Reached skill level 1 in Maces & Flails
  4968 | D:6      | Found a runed translucent door.
  4969 | D:6      | Noticed Crazy Yiuf
  4980 | D:6      | Killed Crazy Yiuf
  5200 | D:7      | Found a sacrificial altar of Ru.
  5661 | D:7      | Reached ** piety under Qazlal
  5662 | D:7      | Reached XP level 10. HP: 104/104 MP: 9/9
  5685 | D:7      | Found a shadowy altar of Dithmenos.
  5990 | D:8      | Noticed a boulder beetle
  6026 | D:8      | HP: 5/104 [boulder beetle (12)]
  6027 | D:8      | Demolished by a boulder beetle

Illustrated notes

Levels and vault maps discovered:
D:1:      dpeg_arrival_houses_and_road, layout_loops_ring,
          shapermc_ecumenical_altar_hornbeckon
D:2:      layout_basic
D:3:      layout_basic
D:4:      layout_gridville, grunt_temple_overflow_open, zin_angel,
          chequers_serial_rivers_large_a, guppyfry_early_orc_mine, uniq_pikel
D:5:      cheibrodos_two_vegetables, layout_basic,
          mainiacjoe_overflow_six_doors_small, minmay_temple_entry_waves
D:6:      dreamdust_elfheim, layout_rooms, uniq_crazy_yiuf_cottage
D:7:      layout_loops_ring, mainiacjoe_overflow_24_doors,
          mainiacjoe_overflow_small_starburst, kennysheep_generic_room_7
D:8:      minmay_diamond_stairs, layout_loops_ring, mainiacjoe_overflow_paths,
          enter_bailey_2, hellmonk_ghost_big_iron, uniq_maurice
Temple:   dpeg_chambers_temple

Skill      XL: |  1  2  3  4  5  6  7  8  9 |
---------------+----------------------------+-----
Fighting       | 3 4 5 6 7 |  7.9
Shields        | 3 4 5 6 |  6.4
Dodging        | 3 4 5 |  5.8
Unarmed Combat | 3 4 5 6 |  6.6
Maces & Flails | 3 |  3.5

Action                   |  1- 3 |  4- 6 |  7- 9 | 10-12 || total
-------------------------+-------+-------+-------+-------++-------
Melee: Unarmed           |    93 |    65 |   334 |    35 ||   527
  Use: Scroll            |       |       |    16 |       ||    16
       Potion            |       |       |     2 |       ||     2
 Stab: Sleeping          |     1 |       |       |       ||     1
Armor: Robe              |    16 |     9 |    39 |     6 ||    70
Dodge: Dodged            |    32 |    16 |    72 |     8 ||   128
Block: Kite shield       |    31 |    34 |   140 |    17 ||   222

Table legend: (Time is in decaauts)
 A = Elapsed time spent in this place.
 B = Non-inter-level travel time spent in this place.
 C = Inter-level travel time spent in this place.
 D = Time resting spent in this place.
 E = Time spent auto-exploring this place.
 F = Levels seen in this place.
 G = Mean time per level.
                   A        B        C        D        E       F      G
               +--------+--------+--------+--------+--------+-----+--------+
         Total |   6121 |   5883 |    238 |    270 |   4031 |   9 |  680.1 |
       Dungeon |   5895 |   5680 |    215 |    270 |   3846 |   8 |  736.9 |
        Temple |    226 |    203 |     23 |      0 |    185 |   1 |  226.0 |
               +--------+--------+--------+--------+--------+-----+--------+

Top non-repeatable levels by time:
     D:5: 1258 daAuts
     D:4: 1192 daAuts
     D:7: 772 daAuts
     D:2: 706 daAuts
     D:6: 691 daAuts
     D:1: 675 daAuts
     D:3: 537 daAuts
  Temple: 226 daAuts
     D:8: 60 daAuts
